Map: Jagannatha LE

Players

Kas

  • Race: Terran Terran
  • League: Grandmaster
  • Spawn Location: 7:00

Lambo - Winner!

  • Race: Zerg Zerg
  • League: Master
  • Spawn Location: 1:00

Event: DreamHack SC2 Masters 2020 Winter

VOD

Have the link to the VOD?

Description

Time

  • Played on: Oct. 14, 2020, 1:33 p.m.
  • Length: 12:05

All games in this series

Show
View Real Time Build Order
Export as new Build Order

Kas Terran 

Build Orders: Reaper Expand 

Get SALT Encoding   

  12  0:00  SCV  
  13  0:12  SCV  
  14  0:17  Supply Depot  
  14  0:24  SCV  
  15  0:38  SCV  
  15  0:42  Barracks  
  16  0:44  Refinery  
  16  0:50  SCV  
  17  1:03  SCV  
  18  1:15  SCV  
  19  1:30  Orbital Command, Reaper  
  20  1:40  Command Center  
  20  1:49  Supply Depot  
  20  1:56  SCV  
  21  2:02  Marine  
  22  2:08  SCV  
  22  2:10  Factory  
  22  2:15  Refinery  
  23  2:20  SCV  
  24  2:23  Barracks Reactor  
  24  2:32  SCV  
  25  2:49  SCV  
  26  2:54  Orbital Command  
  26  2:55  Starport  
  26  3:01  SCV  
  26  3:05  Hellion x2  
  31  3:16  SCV  
  31  3:19  Marine  
  33  3:21  SCV  
  33  3:26  Supply Depot  
  34  3:28  SCV  
  34  3:33  SCV  
  36  3:34  Fusion Core  
  36  3:35  Hellion x2  
  36  3:36  Starport Tech Lab  
  36  3:37  Marine  
  36  3:40  SCV  
  42  3:45  SCV  
  43  3:52  SCV  
  43  3:55  Supply Depot  
  44  3:57  SCV  
  44  3:58  Marine  
  49  4:07  SCV  
  49  4:09  SCV  
  48  4:19  SCV  
  48  4:21  SCV  
  56  4:24  Battlecruiser  
  56  4:25  Command Center  
  56  4:31  Supply Depot, SCV  
  56  4:33  Barracks Tech Lab  
  56  4:34  SCV  
  58  4:43  Supply Depot, SCV  
  59  4:46  SCV  
  59  4:52  Marine, Stimpack  
  61  4:55  SCV  
  61  4:58  SCV, Barracks  
  61  4:59  Barracks  
  63  5:03  Factory Reactor  
  63  5:07  SCV, Engineering Bay  
  63  5:08  Engineering Bay  
  63  5:09  Marine  
  63  5:10  SCV  
  66  5:16  Refinery  
  66  5:18  Refinery  
  66  5:20  SCV  
  67  5:24  SCV  
  67  5:27  Marine  
  69  5:32  SCV  
  70  5:36  SCV, Starport Reactor  
  70  5:40  Orbital Command  
  70  5:41  Terran Infantry Armor Level 1, Terran Infantry Weapons Level 1  
  71  5:44  SCV  
  71  5:45  Marine  
  71  5:47  Marine x2  
  73  5:51  Marine  
  73  5:52  Marine  
  73  5:54  Siege Tank  
  73  5:56  SCV  
  79  6:00  SCV  
  79  6:01  Barracks  
  79  6:02  Barracks  
  79  6:03  Marine  
  81  6:05  Marine x2  
  81  6:08  SCV, Orbital Command  
  81  6:09  Marine x2  
  86  6:15  Medivac x2  
  90  6:21  Marine, SCV x2  
  93  6:27  Supply Depot x2  
  93  6:33  Marine x4, SCV  
  93  6:35  Supply Depot, Siege Tank  
  93  6:37  SCV  
  93  6:38  SCV, Marine  
  98  6:41  Supply Depot  
  98  6:45  SCV  
  99  6:48  Armory  
  99  6:49  Barracks Reactor x2  
  99  6:51  Marine, SCV x2  
  102  6:58  SCV  
  102  7:01  Marine x2, Marauder  
  106  7:02  Combat Shield  
  106  7:03  Supply Depot, SCV  
  106  7:04  Marine  
  106  7:05  Supply Depot  
  109  7:09  Marine  
  109  7:13  Siege Tank  
  113  7:19  Marine x2  
  113  7:20  Medivac x2  
  113  7:22  Marine x2  
  121  7:26  Marine  
  122  7:32  Marine x2  
  122  7:33  Supply Depot, Barracks, Marine  
  122  7:34  Marine  
  122  7:35  Barracks  
  122  7:36  Marine, Barracks  
  122  7:37  Marine  
  127  7:39  Supply Depot, Marine  
  127  7:40  Marine  
  127  7:41  Supply Depot  
  130  7:45  Marine  
  130  7:46  Siege Tank  
  130  7:50  Marine x2, Terran Infantry Weapons Level 2  
  132  7:56  Marine x2  
  132  8:00  Supply Depot x2  
  132  8:01  Supply Depot, Marine x2  
  132  8:02  Supply Depot  
  132  8:03  Marine  
  135  8:09  Terran Infantry Armor Level 2  
  135  8:10  Marine  
  136  8:14  Marine x3  
  136  8:15  Marine  
  136  8:19  Marine  
  139  8:21  Marine  
  139  8:24  Marine  
  141  8:31  Marine x2  
  141  8:33  Marine  
  141  8:34  Marine x6  
  124  8:35  Siege Tank  
  124  8:36  Medivac  
  124  8:37  Medivac, Marine  
  124  8:38  Marine  
  139  8:42  Marine  
  129  9:00  Marine x12  
  115  9:06  Medivac  
  115  9:07  Siege Tank  
  120  9:12  Missile Turret  
  120  9:15  Missile Turret  
  120  9:18  Marine x7, Missile Turret  
  120  9:20  Marine x2  
  131  9:32  Marine  
  131  9:34  Medivac  
  131  9:35  Marine  
  131  9:36  Marine x3  
  131  9:38  Marine x3  
  141  9:39  Siege Tank, Medivac, Marine  
  141  9:41  Marine  
  141  9:42  Marine x2  
  148  9:50  Supply Depot, Marine  
  149  9:53  Marine x2  
  149  9:54  Marine x2  
  149  9:55  Marine  
  149  9:56  Marine x2  
  149  9:57  Marine  
  149  9:59  Marine x3  
  160  10:08  Marine  
  160  10:11  Siege Tank, Marine x4  
  160  10:12  Command Center  
  160  10:13  Marine x2  
  160  10:14  Marine  
  171  10:15  Marine  
  171  10:17  Marine x2  
  171  10:19  Marine  
  171  10:20  Medivac  
  177  10:25  Medivac  
  177  10:26  Marine  
  180  10:29  Marine x4  
  180  10:31  Marine  
  180  10:34  Marine  
  175  10:42  Marine x2  
  173  10:48  Marine  
  176  10:50  Marine  
  176  10:53  Siege Tank  
  176  10:55  Marine x6  
  186  11:01  Marine x3  
  189  11:07  Marine  
  189  11:09  Bunker  
  184  11:15  Marine  
  159  11:18  Marine  
  159  11:20  Marine  
  136  11:29  Marine x2  
  136  11:31  Marine  
  136  11:32  Marine x7  
  125  11:36  Marine  
  125  11:38  Marine  
  95  11:47  Marine x2  
Show
View Real Time Build Order
Export as new Build Order

Lambo Zerg - Winner!

Build Orders: Hatch First, Muta Ling Bane 

Get SALT Encoding   

  12  0:00  Drone  
  13  0:12  Overlord  
  13  0:17  Drone  
  14  0:30  Drone x2  
  16  0:48  Hatchery  
  15  0:52  Drone  
  15  0:55  Drone  
  17  0:59  Drone  
  18  1:14  Spawning Pool  
  18  1:17  Extractor  
  16  1:19  Drone  
  16  1:23  Drone  
  18  1:29  Drone  
  19  1:40  Drone  
  20  1:51  Overlord  
  20  2:00  Queen, Zergling x4  
  20  2:01  Queen  
  26  2:13  Drone x2  
  28  2:21  Drone  
  30  2:22  Drone  
  30  2:35  Hatchery  
  29  2:41  Metabolic Boost  
  29  2:42  Drone  
  30  2:46  Drone  
  31  2:52  Drone  
  31  2:55  Overlord  
  32  2:58  Pneumatized Carapace  
  32  3:03  Drone  
  33  3:08  Drone x3  
  36  3:16  Drone x2  
  36  3:19  Queen  
  40  3:21  Overlord  
  40  3:26  Drone x2  
  42  3:33  Drone  
  43  3:36  Drone  
  43  3:41  Queen  
  44  3:44  Drone  
  47  3:48  Queen  
  47  3:53  Drone x2  
  47  3:54  Drone x3  
  54  3:56  Overlord  
  54  3:59  Queen  
  56  4:03  Drone x2  
  58  4:11  Roach Warren, Overlord  
  58  4:14  Drone  
  58  4:18  Zergling x4  
  58  4:21  Zergling x6  
  58  4:23  Zergling x2  
  64  4:24  Drone  
  64  4:28  Lair  
  64  4:30  Drone x3  
  68  4:33  Drone x2  
  68  4:34  Drone  
  71  4:39  Overlord  
  71  4:46  Drone x3  
  71  4:50  Extractor  
  71  4:51  Queen  
  71  4:52  Extractor  
  74  4:54  Overlord  
  74  4:57  Spore Crawler  
  74  4:58  Drone  
  74  4:59  Drone x5  
  79  5:00  Spore Crawler  
  79  5:01  Spore Crawler  
  79  5:06  Roach x2  
  81  5:10  Overlord  
  81  5:15  Overlord  
  81  5:18  Overlord  
  81  5:20  Drone  
  82  5:23  Extractor  
  82  5:24  Drone x2, Extractor  
  82  5:25  Extractor  
  82  5:26  Spire  
  82  5:27  Drone x2  
  82  5:35  Drone x5  
  87  5:40  Drone x2  
  87  5:41  Drone  
  94  5:42  Drone x4  
  94  5:47  Drone x2  
  96  5:51  Evolution Chamber  
  96  5:52  Evolution Chamber, Drone x3  
  96  5:54  Drone  
  98  6:06  Drone  
  98  6:10  Baneling Nest, Hatchery  
  97  6:12  Spire  
  95  6:30  Zerg Ground Armor Level 1, Zerg Melee Weapons Level 1, Zergling x22  
  106  6:37  Glial Reconstitution  
  106  6:44  Overlord, Overseer  
  106  6:45  Overlord  
  106  6:46  Overlord  
  106  6:53  Centrifical Hooks  
  106  6:56  Overlord  
  106  7:04  Roach x2  
  106  7:05  Zergling x16  
  118  7:14  Ravager x2  
  120  7:19  Drone x7  
  127  7:25  Ravager  
  127  7:26  Drone  
  127  7:27  Drone  
  127  7:28  Extractor  
  129  7:30  Baneling x7  
  129  7:31  Ravager  
  129  7:33  Mutalisk x6  
  129  7:34  Zergling x4  
  144  7:39  Hatchery  
  142  7:45  Zergling x2  
  142  7:46  Overlord  
  142  7:48  Overlord  
  141  7:52  Drone x3, Overlord  
  141  7:53  Drone  
  141  7:55  Overlord  
  141  7:58  Overlord  
  143  8:03  Baneling x2  
  143  8:04  Overlord  
  143  8:06  Drone, Zerg Flyer Weapons Level 1  
  143  8:10  Zergling x22  
  155  8:13  Baneling x11  
  155  8:15  Zergling x8  
  155  8:18  Baneling x10  
  159  8:23  Zergling x2  
  159  8:24  Zergling x16  
  160  8:30  Zergling x8  
  160  8:34  Zergling x4  
  145  8:36  Zergling x2  
  145  8:39  Overlord  
  144  8:41  Zergling x2  
  144  8:42  Zergling x4  
  144  8:45  Baneling x7  
  144  8:46  Roach x2  
  144  8:47  Zerg Melee Weapons Level 2, Zerg Ground Armor Level 2  
  144  8:48  Zergling x4  
  140  8:56  Zergling x6  
  140  8:59  Roach  
  140  9:00  Roach x4  
  140  9:01  Queen  
  135  9:04  Baneling x4  
  135  9:05  Baneling, Infestation Pit  
  135  9:08  Zergling x16  
  142  9:10  Queen  
  142  9:13  Zergling x6  
  142  9:14  Zergling x2  
  148  9:18  Zergling x2  
  148  9:21  Zergling x2  
  150  9:29  Zergling x14  
  150  9:30  Ravager x3  
  160  9:32  Zergling x2  
  161  9:39  Queen  
  161  9:41  Drone x2  
  161  9:42  Hive  
  161  9:44  Zergling x16  
  173  9:47  Ravager x3  
  173  9:49  Zergling x8  
  173  9:51  Baneling x11  
  180  9:58  Zergling x10  
  185  10:04  Zergling x6  
  185  10:06  Zergling x2  
  185  10:07  Zergling x8  
  192  10:11  Zergling x8  
  193  10:16  Overlord  
  193  10:19  Overlord  
  193  10:23  Overlord  
  193  10:24  Zergling x14  
  198  10:31  Zergling x6  
  198  10:38  Zergling x20  
  195  10:44  Zergling x2  
  195  10:48  Zergling x10  
  197  10:54  Baneling x22  
  197  10:55  Zergling x6  
  200  11:07  Zergling x8  
  200  11:11  Overlord  
  194  11:12  Zergling x14  
  194  11:15  Baneling  
  194  11:16  Baneling x17, Zergling x14  
  198  11:22  Overlord  
  189  11:26  Zergling x10  
  189  11:29  Zergling x6  
  189  11:32  Overlord  
  184  11:35  Zergling x2  
  184  11:37  Zergling x8  
  184  11:38  Zergling x2  
  152  11:42  Zergling x6  
  152  11:44  Baneling x8  
  152  11:45  Zergling x4  
Tags
 
Add a new tag
Caveats
  • Supply blocks, unpowered buildings, or Contaminate may cause inaccurate times.
  • Supply counts are checked every 10 seconds.